 Dungeon Crawl Stone Soup version 0.29.1-15-g9cfb28693d (webtiles) character file.

Game seed: 14151393601464734026

9249 cdecastro the Grappler (level 11, -8/102 HPs)
             Began as a Troll Fighter on Apr 6, 2023.
             Was a High Priest of Okawaru.
             Killed by divine providence
             ... invoked by a smoke demon
             ... summoned by a kobold demonologist
              (13 damage)
             ... on level 9 of the Dungeon on Apr 10, 2023.
             The game lasted 00:23:33 (7175 turns).

cdecastro the Grappler (Troll Fighter)              Turns: 7175, Time: 00:23:34

Health: -8/102     AC:  9    Str: 28      XL:     11   Next: 20%
Magic:  13/13      EV: 10    Int:  6      God:    Okawaru [*****.]
Gold:   418        SH:  9    Dex: 14 (15) Spells: 10/10 levels left

rFire   . . .      SeeInvis .     - Unarmed
rCold   . . .      Faith    +   b - +0 kite shield
rNeg    . . .      Spirit   .   M - +0 steam dragon scales
rPois   +          Reflect  .   (helmet restricted)
rElec   .          Harm     .   L - +1 cloak "Lorih" {rPois}
rCorr   .          Rampage  .   (gloves unavailable)
Will    .....                   (boots unavailable)
Stlth   +.........              c - amulet of faith
HPRegen 1.07/turn               j - +6 ring of dexterity
MPRegen 0.13/turn               r - +4 ring of slaying

@: no status effects
A: large, unfitting armour, claws 3, regeneration 1, shaggy fur 1, tough skin 1
a: Renounce Religion, Heroism, Finesse, Duel


You were on level 9 of the Dungeon.
You worshipped Okawaru.
Okawaru was extremely pleased with you.
You visited 2 branches of the dungeon, and saw 10 of its levels.

You collected 418 gold pieces.

Inventory:

Missiles
 s - 7 silver javelins
 E - 4 javelins (quivered)
 F - 4 large rocks
Armour
 b - a +0 kite shield (worn)
 A - a +0 cloak
 L - the +1 cloak "Lorih" (worn) {rPois}
   (You found it on level 9 of the Dungeon)

   rPois:     It protects you from poison.
 M - +0 steam dragon scales (worn)
Magical Staves
 u - a staff of death
Jewellery
 a - a ring of magical power
 c - an amulet of faith (around neck)
 j - a +6 ring of dexterity (left claw)
 r - a +4 ring of slaying (right claw)
 v - an amulet of reflection
 D - a ring of wizardry
 G - a ring of willpower
 I - a ring of positive energy
Wands
 K - a wand of quicksilver (9)
 N - a wand of mindburst (15)
 P - a wand of flame (5)
 R - a wand of roots (4)
Scrolls
 f - 3 scrolls of amnesia {unknown}
 g - a scroll of fear {unknown}
 i - a scroll of summoning {unknown}
 k - 2 scrolls of enchant weapon {unknown}
 n - 3 scrolls of noise {unknown}
 o - 9 scrolls of identify {unknown}
 q - a scroll of enchant armour {unknown}
 t - 2 scrolls of brand weapon {unknown}
 y - 5 scrolls of teleportation {unknown}
 z - 3 scrolls of immolation {unknown}
 J - 3 scrolls of poison {unknown}
 Q - a scroll of magic mapping {unknown}
Potions
 d - 4 potions of attraction {unknown}
 e - 2 potions of flight {unknown}
 h - 3 potions of lignification {unknown}
 l - 4 potions of curing {unknown}
 m - 2 potions of berserk rage {unknown}
 p - 5 potions of degeneration {unknown}
 w - 4 potions of heal wounds {unknown}
 x - a potion of invisibility {unknown}
 B - 4 potions of brilliance {unknown}
 C - 6 potions of mutation {unknown}
 H - a potion of ambrosia {unknown}
 O - a potion of haste {unknown}


   Skills:
 - Level 5.0 Fighting
 + Level 2.0 Armour
 - Level 5.0 Dodging
 - Level 5.0 Shields
 - Level 14.0 Unarmed Combat
 - Level 5.0 Invocations


You had 10 spell levels left.
You didn't know any spells.
Your spell library contained the following spells:

 Spells                   Type           Power      Damage    Failure   Level
 Shock                    Conj/Air       0%         1d3       73%         1
 Slow                     Hex            0%         N/A       73%         1
 Sting                    Tmut/Pois      0%         1d3       73%         1
 Ensorcelled Hibernation  Hex/Ice        0%         N/A       86%         2
 Passwall                 Tmut/Erth      0%         N/A       86%         2
 Poisonous Vapours        Pois/Air       0%         N/A       86%         2
 Confusing Touch          Hex            0%         N/A       97%         3
 Conjure Flame            Conj/Fire      0%         6-21      97%         3
 Ignite Poison            Fire/Tmut/Pois 0%         N/A       97%         3
 Swiftness                Air            0%         N/A       97%         3
 Vampiric Draining        Necr           0%         2d6       97%         3
 Airstrike                Air            0%         2d(0-16)  100%        4
 Olgreb's Toxic Radiance  Pois           0%         N/A       100%        4
 Sticky Flame             Conj/Fire      0%         2d3       100%        4
 Summon Small Mammal      Summ           Unusable   N/A       N/A         1
 Call Canine Familiar     Summ           Unusable   N/A       N/A         3
 Summon Guardian Golem    Hex/Summ       Unusable   N/A       N/A         3
 Summon Forest            Summ/Tloc      Unusable   N/A       N/A         5
 Summon Mana Viper        Hex/Summ       Unusable   N/A       N/A         5
 Summon Cactus Giant      Summ           Unusable   N/A       N/A         6

Dungeon Overview and Level Annotations

Branches:
Dungeon (9/15)             Temple (1/1) D:6            Lair (0/5) D:8
    Orc: D:9-12

Altars:
Ashenzari
Cheibriados
Dithmenos
Elyvilon
Fedhas
Hepliaklqana
Kikubaaqudgha
Makhleb
Nemelex Xobeh
Okawaru
Qazlal
Ru
Sif Muna
Trog
Uskayaw
Vehumet
Xom
Yredelemnul
Zin

Shops:
D:6 (*


Innate Abilities, Weirdness & Mutations

You are too large for most types of armour.
You have claws for hands.
Your natural rate of healing is unusually fast.
You are covered in fur. (AC +1)
You have tough skin. (AC +1)


Message History

The kobold demonologist hits you but does no damage.
Unknown command.
You closely miss the kobold demonologist.
The kobold demonologist is moderately wounded.
The sixfirhy hits you but does no damage.
The sixfirhy hits you!
* * * LOW HITPOINT WARNING * * *
The sixfirhy shocks you!
* * * LOW HITPOINT WARNING * * *
The quasit closely misses you.
The quasit claws you but does no damage.
You block the quasit's attack. The neqoxec hits you.
* * * LOW HITPOINT WARNING * * *
The sixfirhy hits you but does no damage.
You block the smoke demon's attack. The smoke demon hits you.
* * * LOW HITPOINT WARNING * * *
The smoke demon barely misses you. The white imp puffs mist at you.
The iron imp hits you.
* * * LOW HITPOINT WARNING * * *
The kobold demonologist barely misses you.
Unknown command.
Unknown command.
Unknown command.
Unknown command.
Unknown command.
Unknown command.
You claw the kobold demonologist!
The kobold demonologist is heavily wounded.
You block the sixfirhy's attack. x2; The sixfirhy hits you!
* * * LOW HITPOINT WARNING * * *
The sixfirhy shocks you!
* * * LOW HITPOINT WARNING * * *
The quasit bites you but does no damage.
The quasit claws you but does no damage. x2
The neqoxec gestures at you.
Something tries to feed on your intellect!
The smoke demon gestures at you. Something smites you!
You die...

########### #.........#
####.........##########
...............##.....
#.5K5.....##..#.....
#.3@35....###.'.....
#...3.....# ###.....
#.........# ##'###
#.........# #..##
#.........# ##).#
##.######## ##)#
#..#### ###'#
#.....##### #....
#<....'...#####....


You could see a kobold demonologist, a sixfirhy (summoned), a smoke demon
(summoned), a neqoxec (summoned), an iron imp (summoned), a quasit (summoned)
and a white imp (summoned).

Vanquished Creatures
  2 two-headed ogres (D:9)
  Maurice (D:8)
  A gargoyle (D:7)
  A kobold demonologist (D:6)
  A troll (D:5)
  Prince Ribbit (D:6)
  2 wraiths
  4 wyverns
  Grum (D:8)
  2 steam dragons (D:8)
  5 water moccasins
  3 ice beasts
  5 sky beasts (D:7)
  An orc warrior (D:8)
  5 black bears
  2 wolves (D:8)
  2 ogres
  A phantom (D:7)
  9 bullfrogs
  A scorpion (D:5)
  A necrophage (D:5)
  12 wights
  13 killer bees
  4 howler monkeys
  A crimson imp (D:8)
  6 hounds
  5 jellies
  Crazy Yiuf (D:7)
  5 orc priests
  A gnoll bouda (D:8)
  4 iguanas
  Natasha (thrice) (D:3)
  12 orc wizards
  10 gnolls
  3 adders
  5 white imps
  A shadow imp (D:7)
  An ufetubus (D:6)
  A worm (D:3)
  5 dart slugs
  23 orcs
  6 ball pythons
  8 endoplasms
  3 giant cockroaches
  5 goblins
  4 hobgoblins
  2 jackals (D:4)
  4 kobolds
  2 quokkas
  8 bats
  4 frilled lizards
  6 rats
219 creatures vanquished.

Vanquished Creatures (others)
  5 fungi (D:8)
  20 plants
25 creatures vanquished.

Grand Total: 244 creatures vanquished

Notes
Turn   | Place    | Note
-------+----------+-------------------------------------------
     0 | D:1      | cdecastro the Troll Fighter began the quest for the Orb.
     0 | D:1      | Reached XP level 1. HP: 22/22 MP: 0/0
   121 | D:1      | Reached XP level 2. HP: 29/29 MP: 1/1
   136 | D:1      | Found a faded altar of an unknown god.
   157 | D:1      | Reached skill level 3 in Unarmed Combat
   618 | D:2      | Reached XP level 3. HP: 36/36 MP: 2/2
  1142 | D:3      | Noticed Natasha
  1144 | D:3      | Found a bloodstained altar of Trog.
  1150 | D:3      | Killed Natasha
  1151 | D:3      | Reached skill level 4 in Unarmed Combat
  1263 | D:3      | Reached XP level 4. HP: 44/44 MP: 3/3
  1310 | D:3      | Noticed Natasha
  1316 | D:3      | Killed Natasha
  1636 | D:3      | Noticed an ice beast
  1813 | D:4      | Reached skill level 5 in Unarmed Combat
  1813 | D:4      | Reached XP level 5. HP: 50/50 MP: 4/4
  2310 | D:5      | Entered Level 5 of the Dungeon
  2310 | D:5      | Noticed a troll
  2312 | D:5      | Noticed an ogre
  2317 | D:4      | Reached skill level 6 in Unarmed Combat
  2398 | D:5      | Reached XP level 6. HP: 57/59 MP: 5/5
  2467 | D:5      | Noticed an ice beast
  2515 | D:5      | Found a snail-covered altar of Cheibriados.
  2526 | D:5      | Noticed a water moccasin
  2538 | D:5      | Killed a water moccasin
  2539 | D:5      | Reached skill level 7 in Unarmed Combat
  2569 | D:5      | Killed an ice beast
  2570 | D:5      | Reached XP level 7. HP: 54/66 MP: 6/6
  2613 | D:3      | Noticed Natasha
  2617 | D:3      | Killed Natasha
  2618 | D:3      | Reached skill level 8 in Unarmed Combat
  2673 | D:3      | Found a faded altar of an unknown god.
  2677 | D:3      | Found a shadowy altar of Dithmenos.
  3251 | D:5      | Reached skill level 9 in Unarmed Combat
  3268 | D:5      | Reached XP level 8. HP: 13/74 MP: 7/7
  3454 | D:5      | Reached skill level 10 in Unarmed Combat
  3628 | D:5      | Found a blossoming altar of Fedhas.
  3671 | D:5      | Killed a troll
  3845 | D:6      | Noticed a +0 spear
  3847 | D:6      | Noticed a +0 spear
  3847 | D:6      | Noticed a +0 falchion
  3848 | D:6      | Noticed a +0 short sword
  3849 | D:6      | Noticed a +0 dagger
  3852 | D:6      | Noticed a +0 dagger
  3852 | D:6      | Noticed a +0 short sword
  3853 | D:6      | Noticed a +0 falchion
  3855 | D:6      | Found a hide-covered altar of Uskayaw.
  3922 | D:6      | Found Inidaj's Weapon Emporium.
  3967 | D:6      | Reached skill level 5 in Fighting
  3975 | D:6      | Found a radiant altar of Vehumet.
  4090 | D:6      | Found Hyta's Lightly-Used Armoury.
  4104 | D:6      | Noticed Prince Ribbit
  4109 | D:6      | Killed Prince Ribbit
  4121 | D:6      | Found a broken altar of Ashenzari.
  4161 | D:6      | Found a staircase to the Ecumenical Temple.
  4172 | Temple   | Entered the Ecumenical Temple
  4328 | Temple   | Became a worshipper of Warmaster Okawaru
  4361 | D:6      | Reached XP level 9. HP: 88/88 MP: 8/8
  4389 | D:6      | Found a white marble altar of Elyvilon.
  4462 | D:6      | Reached skill level 11 in Unarmed Combat
  4840 | D:7      | Reached * piety under Okawaru
  5014 | D:7      | Reached skill level 12 in Unarmed Combat
  5052 | D:7      | Noticed a kobold demonologist
  5052 | D:7      | Noticed a gargoyle
  5089 | D:7      | Noticed an ice devil
  5091 | D:6      | Killed a kobold demonologist
  5091 | D:6      | Reached ** piety under Okawaru
  5153 | D:7      | Found a runed translucent door.
  5154 | D:7      | Noticed Crazy Yiuf
  5159 | D:7      | Killed Crazy Yiuf
  5250 | D:7      | Reached skill level 5 in Dodging
  5250 | D:7      | Reached skill level 1 in Invocations
  5310 | D:7      | You fall into a shaft and drop 2 floors!
  5357 | D:9      | Noticed a two-headed ogre
  5374 | D:9      | Killed a two-headed ogre
  5374 | D:9      | Reached *** piety under Okawaru
  5375 | D:9      | Reached XP level 10. HP: 96/96 MP: 7/12
  5491 | D:9      | Identified the +1 cloak "Lorih" {rPois}
  5601 | D:8      | Reached skill level 5 in Invocations
  5644 | D:8      | Noticed Maurice
  5764 | D:7      | Reached **** piety under Okawaru
  5937 | D:7      | Killed a gargoyle
  5938 | D:7      | Reached skill level 5 in Shields
  6107 | D:8      | Found a shimmering blue altar of Sif Muna.
  6176 | D:8      | Noticed Grum
  6219 | D:8      | Killed Grum
  6220 | D:8      | Reached skill level 13 in Unarmed Combat
  6226 | D:8      | Reached ***** piety under Okawaru
  6274 | D:8      | Found a staircase to the Lair.
  6542 | D:8      | Killed Maurice
  6543 | D:8      | Reached XP level 11. HP: 100/102 MP: 13/13
  6650 | D:8      | Found a burning altar of Makhleb.
  7079 | D:9      | Noticed a two-headed ogre
  7084 | D:9      | Killed a two-headed ogre
  7085 | D:9      | Reached skill level 14 in Unarmed Combat
  7085 | D:9      | Reached skill level 1 in Armour
  7168 | D:9      | Noticed a sixfirhy
  7175 | D:9      | HP: 5/102 [sixfirhy[a kobold demonologist] (12)]
  7175 | D:9      | Killed from afar by a smoke demon

Illustrated notes

Levels and vault maps discovered:
D:1:      wander_arrival_lonely_grave, layout_rooms,
          dreamdust_ecumenical_altar_grove
D:2:      layout_loops_ring
D:3:      layout_loops_ring, trog_three_pillars_becter,
          nicolae_overflow_ecumenical_swirl, serial_co_window_serial,
          co_window_paths_a, co_window_paths_a, co_window_corner_a,
          co_window_cross_1, co_window_paths_a, co_window_of_opportunity_a,
          co_window_paths_a, co_window_paths_b, co_window_paths_b,
          co_window_cross_4, co_window_corner_b, co_window_cross_2,
          co_window_of_opportunity_c, minmay_bisected, uniq_natasha
D:4:      layout_basic, grunt_decor_fettered
D:5:      layout_cave_pools, kennysheep_slug_shrine, fedhas_ov_isle_minmay,
          grunt_ministairs_8, amcnicky_mini_rare_corridor_liquid,
          reono_crystal_passage
D:6:      layout_loops_ring, fiery_altar_vehumet, nicolae_ashenzari_panopticon,
          nicolae_uskayaw_en_pointe, elyvilon_altar_5, temple_fountains,
          serial_shops, nicolae_shop_bloodbath_and_beyond, minmay_shop_damaged,
          uniq_prince_ribbit1
D:7:      nzn_winding_woodlands_cross [nzn_winding_woodlands_5x15_concentric,
          nzn_winding_woodlands_5x15_twine, nzn_winding_woodlands_5x15_parted,
          nzn_winding_woodlands_5x15_garden,
          nzn_winding_woodlands_15x15_killbox], layout_basic,
          uniq_crazy_yiuf_cottage
D:8:      layout_rooms, amcnicky_altar_gilded, makhleb_grotto_becter,
          minmay_lair_entry_grove, uniq_grum, uniq_maurice
D:9:      layout_roguey, minivault_11
Temple:   hellmonk_temple_forest_ring

Skill      XL: |  1  2  3  4  5  6  7  8  9 10 11 |
---------------+----------------------------------+-----
Unarmed Combat | 3 4 5 6 7 9 10 12 13 14 | 14.0
Fighting       | 5 |  5.0
Dodging        | 5 |  5.0
Invocations    | 4 5 |  5.0
Shields        | 5 |  5.0
Armour         | 2 |  2.0

Action                   |  1- 3 |  4- 6 |  7- 9 | 10-12 || total
-------------------------+-------+-------+-------+-------++-------
Melee: Unarmed           |    89 |    71 |   203 |   186 ||   549
       Punch             |     2 |     3 |     9 |     4 ||    18
Invok: Heroism           |       |       |     1 |     2 ||     3
Evoke: Wand              |       |       |       |     7 ||     7
  Use: Potion            |       |       |     1 |       ||     1
 Stab: Sleeping          |       |     1 |     1 |     1 ||     3
       Distracted        |       |       |       |     1 ||     1
Armor: Robe              |    39 |    12 |    38 |    16 ||   105
       Steam dragon scal |       |       |       |    33 ||    33
Dodge: Dodged            |    39 |    19 |    68 |    67 ||   193
Block: Kite shield       |     9 |       |       |    63 ||    72
       Other             |       |     6 |    17 |       ||    23
